 Seeded DCSS version 0.30-a0-568-g124715a40b (webtiles) character file.

Game seed: 20221228 (custom seed)

291 a11behringer the Chopper (level 6, 0/55 HPs)
             Began as a Minotaur Berserker on Dec 28, 2022.
             Was a Believer of Trog.
             Succumbed to an orc wizard's poison
             ... on level 4 of the Dungeon.
             The game lasted 00:06:38 (2548 turns).

a11behringer the Chopper (Minotaur Berserker)       Turns: 2548, Time: 00:06:38

Health: 0/55       AC:  9    Str: 24    XL:     6   Next: 10%
Magic:  5/5        EV:  9    Int:  4    God:    Trog [**....]
Gold:   173        SH:  0    Dex:  9    Spells: 5/5 levels left

rFire   . . .      SeeInvis .    v - +0 war axe
rCold   . . .      Faith    .    (no shield)
rNeg    . . .      Spirit   .    x - +0 chain mail
rPois   .          Reflect  .    (helmet restricted)
rElec   .          Harm     .    (no cloak)
rCorr   .          Rampage  .    (no gloves)
Will    .....                    (no boots) Stlth
                                 (no amulet)
HPRegen 0.29/turn                (no ring)
MPRegen 0.09/turn                (no ring)

@: lethally poisoned (0 -> -8), on berserk cooldown, slowed, very slow
A: horns 2, retaliatory headbutt
a: Renounce Religion, Berserk, Trog's Hand


You were on level 4 of the Dungeon.
You worshipped Trog.
Trog was pleased with you.
You visited 1 branch of the dungeon, and saw 4 of its levels.

You collected 173 gold pieces.

Inventory:

Hand Weapons
 a - a +0 hand axe
 v - a +0 war axe (weapon)
 D - a +0 sling
Missiles
 g - 4 javelins (quivered)
 B - 11 poisoned darts
Armour
 b - a +0 animal skin
 e - a +0 ring mail
 w - a +0 scale mail
 x - a +0 chain mail (worn)
Wands
 E - a wand of digging (2)
Scrolls
 c - 2 scrolls of noise {unknown}
 d - a scroll of fog {unknown}
 f - a scroll of magic mapping {unknown}
 h - 2 scrolls of immolation {unknown}
 i - 2 scrolls of identify {unknown}
 j - 2 scrolls of vulnerability {unknown}
 l - 3 scrolls of fear {unknown}
 o - a scroll of butterflies {unknown}
 r - a scroll of enchant weapon {unknown}
 s - a scroll of poison {unknown}
 t - a scroll of enchant armour {unknown}
 u - 2 scrolls of teleportation {unknown}
 y - a scroll of blinking {unknown}
 C - a scroll of amnesia {unknown}
Potions
 k - 2 potions of attraction {unknown}
 m - 3 potions of degeneration {unknown}
 n - a potion of ambrosia {unknown}
 p - a potion of heal wounds {unknown}
 q - a potion of berserk rage {unknown}
 z - a potion of invisibility {unknown}
 A - a potion of curing {unknown}


   Skills:
 + Level 4.9 Fighting
 * Level 5.8 Axes
 + Level 4.0 Armour
 + Level 3.7 Dodging


You had 5 spell levels left.
You didn't know any spells.
Your spell library was empty.

Dungeon Overview and Level Annotations

Branches:
Dungeon (4/15)
 Temple: D:4-7

Altars:

Shops:
D:2 (


Innate Abilities, Weirdness & Mutations

You have a pair of horns on your head.
You reflexively headbutt those who attack you in melee.


Message History

* * * LOW HITPOINT WARNING * * *
You feel extremely sick.
You hear some strange, mumbled words.
A puff of flame appears from out of thin air!
The puff of flame misses you.
You closely miss something.
* * * LOW HITPOINT WARNING * * *
You feel very sick.
You hear some strange, mumbled words.
Something tries to affect you, but you resist.
You miss something.
* * * LOW HITPOINT WARNING * * *
You feel very sick. Something hits you.
* * * LOW HITPOINT WARNING * * *
You slash something! Trog accepts your kill.
Trog appreciates your killing of a magic user.
Reactivating autopickup.
You feel a bit more experienced.
* * * LOW HITPOINT WARNING * * *
You feel very sick.
Found 5 stones.
* * * LOW HITPOINT WARNING * * *
You feel sick.
Items here: )) [[ †.
You are too berserk!
You are too berserk!
Unknown command.
You feel a strong urge to attack something.
* * * LOW HITPOINT WARNING * * *
You feel sick.
Items here: ))) [[ †.
Found 11 gold pieces.
* * * LOW HITPOINT WARNING * * *
You feel sick.
You feel your anger nearly subside.
You are no longer berserk.
You are exhausted.
You feel yourself slow down.
You die...

...................#
..#.#.#.#.#........#
####
............##.###.#
#...
..#.##+##.######...#
#.## .... #..# #...#
#.# .# +.##
#...###'## #..#
#...'.....
..#.##+##.##
#...###'##
........@).# #...#
#.# .#.#.#.#.##
##..# #.##
..$......## #..#
#... .......(.# #..#
#### .........# #..#
########## #..######
#........ ......
######


There were no monsters in sight!

Vanquished Creatures
  A scorpion (D:2)
  An orc wizard (D:4)
  2 iguanas
  4 gnolls (D:4)
  3 adders
  A worm (D:2)
  4 dart slugs
  6 orcs
  3 endoplasms (D:1)
  A giant cockroach (D:3)
  9 goblins
  7 hobgoblins
  6 kobolds
  2 quokkas
  7 ball pythons
  9 bats
  3 frilled lizards
  5 rats
74 creatures vanquished.

Notes
Turn   | Place    | Note
-------+----------+-------------------------------------------
     0 | D:1      | a11behringer the Minotaur Berserker began the quest for the
                  | Orb.
     0 | D:1      | Reached XP level 1. HP: 19/19 MP: 0/0
    91 | D:1      | Reached XP level 2. HP: 23/27 MP: 1/1
   301 | D:1      | Reached skill level 4 in Axes
   698 | D:2      | Reached XP level 3. HP: 33/33 MP: 2/2
   738 | D:2      | Reached ** piety under Trog
   850 | D:2      | Found a faded altar of an unknown god.
   864 | D:2      | Found Wiwuidan's Weapon Shop.
   921 | D:2      | Noticed a scorpion
   926 | D:2      | Killed a scorpion
   927 | D:2      | Reached XP level 4. HP: 41/41 MP: 3/3
  1148 | D:2      | Reached skill level 5 in Axes
  1459 | D:3      | Reached XP level 5. HP: 15/47 MP: 4/4
  2538 | D:4      | Reached XP level 6. HP: 38/55 MP: 5/5
  2546 | D:4      | HP: 3/82 [poisoned by an orc wizard]
  2547 | D:4      | HP: 1/82 [poisoned by an orc wizard]
  2548 | D:4      | Succumbed to an orc wizard's poison

Illustrated notes

Levels and vault maps discovered:
D:1:      dpeg_arrival_more_subterranean_lakeside_camping, layout_basic,
          grunt_decor_clamped, minmay_misc_feat_room
D:2:      layout_basic, serial_shops, nicolae_shop_advertising_works
          [nicolae_subvault_shop_adworks], hellmonk_ecumenical_altar_lost_god,
          amcnicky_mini_corridor_feature, grunt_ministairs_2,
          chequers_serial_rivers_large_b, minmay_misc_feat_roman
D:3:      layout_basic
D:4:      layout_gridville, lemuel_doored_altar, minmay_misc_feat_doors,
          st_stairs_4, minmay_door_square, serial_bayou_ford_a, uniq_natasha

Skill      XL: |  1  2  3  4  5 |
---------------+----------------+-----
Axes           | 4 5 |  5.8
Fighting       | 4 |  4.9
Armour         | 3 4 |  4.0
Dodging        | 3 |  3.7

Action                   |  1- 3 |  4- 6 || total
-------------------------+-------+-------++-------
Melee: Hand axe          |    63 |    30 ||    93
       Headbutt          |    11 |     7 ||    18
       War axe           |       |    62 ||    62
       Punch             |       |     1 ||     1
Invok: Berserk           |     1 |     2 ||     3
       Trog's Hand       |       |     1 ||     1
Armor: Animal skin       |     5 |       ||     5
       Ring mail         |    14 |    12 ||    26
       Chain mail        |       |    30 ||    30
       Scale mail        |       |     4 ||     4
Dodge: Dodged            |    42 |    53 ||    95

Table legend: (Time is in decaauts)
 A = Elapsed time spent in this place.
 B = Non-inter-level travel time spent in this place.
 C = Inter-level travel time spent in this place.
 D = Time resting spent in this place.
 E = Time spent auto-exploring this place.
 F = Levels seen in this place.
 G = Mean time per level.
                   A        B        C        D        E       F      G
               +--------+--------+--------+--------+--------+-----+--------+
         Total |   2617 |   2436 |    181 |      0 |   1990 |   4 |  654.2 |
       Dungeon |   2617 |   2436 |    181 |      0 |   1990 |   4 |  654.2 |
               +--------+--------+--------+--------+--------+-----+--------+

Top non-repeatable levels by time:
     D:2: 771 daAuts
     D:3: 749 daAuts
     D:1: 698 daAuts
     D:4: 397 daAuts
